 Dungeon Sprint DCSS version 0.29.1-4-g47bece8355 (webtiles) character file.

Game seed: 12557613135555969270

933 sanboga the Grappler (level 7, -2/114 HPs)
             Began as a Troll Monk on Dec 10, 2022.
             Was a Priest of Trog.
             Slain by an 11-headed hydra (14 damage)
             ... in the Dungeon (Sprint IX: "|||||||||||||||||||||||||||||").
             The game lasted 00:01:18 (312 turns).

sanboga the Grappler (Troll Monk)                    Turns: 312, Time: 00:01:18

Health: -2/114     AC:  5    Str: 25    XL:     7   Next: 86%
Magic:  6/6        EV: 13    Int:  6    God:    Trog [***...]
Gold:   0          SH:  0    Dex: 15    Spells: 6/6 levels left

rFire   . . .      SeeInvis .     - Unarmed
rCold   . . .      Faith    .   (no shield)
rNeg    . . .      Spirit   .   a - +0 robe
rPois   .          Reflect  .   (helmet restricted)
rElec   .          Harm     .   j - +0 cloak
rCorr   .          Rampage  .   (gloves unavailable)
Will    .....      NoTele   +   (boots unavailable)
Stlth   ..........              (no amulet)
HPRegen 1.09/turn               l - +3 ring of strength
MPRegen 0.10/turn               k - +3 ring of dexterity

@: berserking, very quick
A: large, unfitting armour, claws 3, regeneration 1, shaggy fur 1, tough skin 1
a: Renounce Religion, Berserk, Trog's Hand


You were in the Dungeon.
You worshipped Trog.
Trog was most pleased with you.
You visited 1 branch

Inventory:

Armour
 a - a +0 robe (worn)
 j - a +0 cloak (worn)
Jewellery
 k - a +3 ring of dexterity (right claw)
 l - a +3 ring of strength (left claw)
Wands
 i - a wand of acid (10)
Scrolls
 h - 2 scrolls of blinking
Potions
 b - a potion of ambrosia
 c - 5 potions of curing
 d - 3 potions of heal wounds
 e - a potion of haste
 f - 4 potions of magic
 g - a potion of invisibility


   Skills:
 + Level 6.9 Fighting
 + Level 6.9 Dodging
 + Level 5.0 Stealth
 * Level 11.4 Unarmed Combat


You had 6 spell levels left.
You didn't know any spells.
Your spell library was empty.

Dungeon Overview and Level Annotations

Branches:
Dungeon (1/1)

Altars:
Cheibriados
Dithmenos
Elyvilon
Fedhas
Gozag
Hepliaklqana
Kikubaaqudgha
Makhleb
Nemelex Xobeh
Okawaru
Qazlal
Ru
Sif Muna
Trog
Uskayaw
Vehumet
Wu Jian
Xom
Yredelemnul
Zin
The Shining One
Jiyva
Lugonu


Innate Abilities, Weirdness & Mutations

You are too large for most types of armour.
You have claws for hands.
Your natural rate of healing is unusually fast.
You are covered in fur. (AC +1)
You have tough skin. (AC +1)


Message History

You rip one of the six-headed hydra's heads off!
The five-headed hydra grows two more!
You claw the seven-headed hydra!
The seven-headed hydra is heavily wounded.
The deep elf pyromancer mumbles some strange words.
The seven-headed hydra bites you! The seven-headed hydra misses you.
The seven-headed hydra bites you. The seven-headed hydra bites you! x2
The seven-headed hydra completely misses you.
The seven-headed hydra bites you but does no damage.
You are too injured to fight recklessly!
You are too injured to fight recklessly!
You are too injured to fight recklessly!
You tear one of the seven-headed hydra's heads off!
The six-headed hydra grows two more!
You mangle the eight-headed hydra!!
The eight-headed hydra is severely wounded.
You rip one of the eight-headed hydra's heads off!
The seven-headed hydra grows two more!
You mangle the nine-headed hydra!!
The nine-headed hydra is almost dead.
The nine-headed hydra closely misses you.
The nine-headed hydra bites you.
The nine-headed hydra completely misses you.
The nine-headed hydra bites you! The nine-headed hydra bites you.
* * * LOW HITPOINT WARNING * * *
The nine-headed hydra bites you!
* * * LOW HITPOINT WARNING * * *
The nine-headed hydra misses you.
The nine-headed hydra barely misses you.
The nine-headed hydra bites you.
* * * LOW HITPOINT WARNING * * *
You claw one of the nine-headed hydra's heads off!
The eight-headed hydra grows two more!
You mangle the ten-headed hydra!!
The ten-headed hydra is almost dead.
You tear one of the ten-headed hydra's heads off!
The nine-headed hydra grows two more!
You scratch the 11-headed hydra.
The 11-headed hydra is almost dead.
The 11-headed hydra closely misses you. The 11-headed hydra misses you.
The 11-headed hydra bites you but does no damage. x2
The 11-headed hydra bites you.
* * * LOW HITPOINT WARNING * * *
The 11-headed hydra bites you!
You die... ▓▓▓▓▓▓▓▓▓▓▓▓▓▓▓▓▓▓▓▓▓▓▓▓ EDecDDD@..).)'..[[..)?.' ▓▓▓▓▓▓▓▓▓▓▓▓▓▓▓▓▓▓▓▓▓▓▓▓

You could see a 11-headed hydra, an eight-headed hydra, a four-headed hydra, a centaur warrior, a deep elf pyromancer, a fire elemental (summoned) and an acid dragon.

Vanquished Creatures
  An unseen horror (D)
  A vampire (D)
  A shadow (D)
  A wraith (D)
  An ogre (D)
  A centaur (D)
  A gnoll sergeant (D)
  A hound (D)
  2 adders (D)
  A dart slug (D)
  2 goblins (D)
  A quokka (D)
  A ball python (D)
  A kobold (D)
16 creatures vanquished.

Notes
Turn   | Place    | Note
-------+----------+-------------------------------------------
     0 | D        | sanboga the Troll Monk began the quest for the Orb.
     0 | D        | Reached XP level 1. HP: 22/22 MP: 0/0
    19 | D        | Noticed a hound
    19 | D        | Noticed an ogre
    24 | D        | Reached skill level 4 in Unarmed Combat
    24 | D        | Reached XP level 2. HP: 31/31 MP: 1/1
    26 | D        | Killed an ogre
    27 | D        | Reached skill level 6 in Unarmed Combat
    27 | D        | Reached XP level 3. HP: 39/39 MP: 2/2
    27 | D        | Reached XP level 4. HP: 48/48 MP: 3/3
    32 | D        | Reached skill level 7 in Unarmed Combat
    32 | D        | Reached XP level 5. HP: 55/55 MP: 4/4
    84 | D        | Found a snail-covered altar of Cheibriados.
    84 | D        | Found a shadowy altar of Dithmenos.
    84 | D        | Found a white marble altar of Elyvilon.
    84 | D        | Found a blossoming altar of Fedhas.
    84 | D        | Found an opulent altar of Gozag.
    85 | D        | Found a hazy altar of Hepliaklqana.
    86 | D        | Found a viscous altar of Jiyva.
    87 | D        | Found an ancient bone altar of Kikubaaqudgha.
    88 | D        | Found a corrupted altar of Lugonu.
    89 | D        | Found a burning altar of Makhleb.
    90 | D        | Found a sparkling altar of Nemelex Xobeh.
    91 | D        | Found an iron altar of Okawaru.
    92 | D        | Found a stormy altar of Qazlal.
    93 | D        | Found a sacrificial altar of Ru.
    94 | D        | Found a shimmering blue altar of Sif Muna.
    95 | D        | Found a bloodstained altar of Trog.
    96 | D        | Found a hide-covered altar of Uskayaw.
    97 | D        | Found a radiant altar of Vehumet.
    98 | D        | Found an ornate altar of the Wu Jian Council.
    99 | D        | Found a shimmering altar of Xom.
   100 | D        | Found a basalt altar of Yredelemnul.
   101 | D        | Found a glowing silver altar of Zin.
   102 | D        | Found a glowing golden altar of the Shining One.
   103 | D        | Became a worshipper of Trog the Wrathful
   103 | D        | Reached * piety under Trog
   103 | D        | Reached ** piety under Trog
   137 | D        | Noticed a shadow
   137 | D        | Noticed a wraith
   137 | D        | Noticed a centaur
   137 | D        | Noticed a vampire
   141 | D        | Killed a vampire
   142 | D        | Reached skill level 5 in Fighting
   142 | D        | Reached skill level 5 in Dodging
   142 | D        | Reached skill level 8 in Unarmed Combat
   145 | D        | Killed a centaur
   146 | D        | Reached XP level 6. HP: 59/66 MP: 5/5
   151 | D        | Killed an unseen horror
   152 | D        | Reached skill level 10 in Unarmed Combat
   152 | D        | Reached XP level 7. HP: 43/75 MP: 6/6
   154 | D        | Killed a wraith
   154 | D        | Reached *** piety under Trog
   159 | D        | Reached skill level 11 in Unarmed Combat
   160 | D        | Killed a shadow
   161 | D        | Reached skill level 5 in Stealth
   304 | D        | Noticed an eight-headed hydra
   304 | D        | Noticed a deep elf pyromancer
   304 | D        | Noticed a centaur warrior
   304 | D        | Noticed a four-headed hydra
   304 | D        | Noticed a four-headed hydra
   309 | D        | Noticed a fire elemental
   312 | D        | Slain by an 11-headed hydra

Illustrated notes

Levels and vault maps discovered:
D:        linesprint [early_d, line_temple, items_1, d_10, items_2, lair_1,
          lair_end, items_3, orc_1, orc_end, items_4, d_15, swamp_1, shoals_1,
          snake_1, spider_1, d_20, vaults_1, items_5, swamp_end, shoals_end,
          snake_end, spider_end, vaults_end, d_27, items_6, zot_1, zot_end,
          crypt_end, forest_end, elf_end, slime_end, tomb_end, abyss_end,
          pan_hell_end]

Skill      XL: |  1  2  3  4  5  6  7 |
---------------+----------------------+-----
Fighting       | 3 4 5 6 |  6.9
Dodging        | 3 4 5 6 |  6.9
Unarmed Combat | 4 6 7 8 10 11 | 11.4
Stealth        | 2 3 4 5 |  5.0

Action                   |  1- 3 |  4- 6 |  7- 9 || total
-------------------------+-------+-------+-------++-------
Melee: Unarmed           |    15 |    16 |    14 ||    45
       Punch             |       |       |     1 ||     1
Invok: Berserk           |       |     1 |     1 ||     2
  Use: Potion            |     1 |       |       ||     1
Armor: Robe              |     3 |     1 |     4 ||     8
Dodge: Dodged            |     5 |     4 |    13 ||    22
